 Dungeon Crawl Stone Soup version 0.30.1-11-g7821555f0a (webtiles) character file.

Game seed: 16864702164104497193

2772 porpoise the Frost Mage (level 9, -3/68 HPs)
             Began as a Purple Draconian Ice Elementalist on Dec 9, 2023.
             Was a Follower of Sif Muna.
             Slain by an orc knight
             ... wielding a +0 war axe
              (16 damage)
             ... in a bailey.
             The game lasted 00:34:20 (7715 turns).

porpoise the Frost Mage (DrIE)                      Turns: 7715, Time: 00:34:21

Health: -3/68      AC: 10    Str: 10    XL:     9   Next: 42%
Magic:  13/16      EV: 12    Int: 20    God:    Sif Muna [*.....]
Gold:   343        SH:  0    Dex: 12    Spells: 10/18 levels left

rFire   . . .        a - +2 short sword (venom)
rCold   + . .        (no shield)
rNeg    . . .        (body armour unavailable)
rPois   .            w - +1 hat
rElec   .            (no cloak)
rCorr   .            F - +0 pair of gloves
SInv    .            C - +0 pair of boots
Will    +....        (no amulet)
Stlth   ++           m - ring of protection from cold
HPRegen 0.31/turn    (no ring)
MPRegen 0.15/turn

%: no passive effects
@: freezing walls
A: breathe power, AC +7, unfitting armour, cold-blooded
a: Breathe Dispelling Energy, Renounce Religion, Channel Magic


You were in a bailey.
You worshipped Sif Muna.
Sif Muna was aware of your devotion.
You visited 2 branches of the dungeon, and saw 8 of its levels.
You also visited: Bailey.

You collected 343 gold pieces.

Inventory:

Hand Weapons
 a - a +2 short sword of venom (weapon)
 b - a +0 sling
 v - a +2 trident of venom
 D - the +9 mace of Bevil {protect, rC++}
   (You found it on level 6 of the Dungeon)

   rC:        It greatly protects you from cold.
 J - the +7 flail of the Equator {heavy, SInv}
   (You found it on level 6 of the Dungeon)

   SInv:      It lets you see invisible.
Missiles
 q - 6 boomerangs
 x - 7 poisoned darts
 G - a throwing net
Armour
 s - a +0 kite shield
 w - a +1 hat (worn)
 C - a +0 pair of boots (worn)
 F - a +0 pair of gloves (worn)
Magical Staves
 l - a staff of conjuration
Jewellery
 g - a ring of fire
 m - a ring of protection from cold (left hand)
Wands
 E - a wand of flame (14)
 I - a wand of acid (11)
Scrolls
 c - a scroll of immolation
 d - a scroll of enchant armour
 h - a scroll of poison {unknown}
 i - a scroll of fear {unknown}
 j - 3 scrolls of teleportation
 n - a scroll of blinking
 t - a scroll of vulnerability
 u - a scroll of noise {unknown}
 y - a scroll of amnesia {unknown}
 A - a scroll of identify
 B - a scroll of fog
Potions
 f - 3 potions of curing
 k - a potion of magic
 p - a potion of brilliance
 r - 3 potions of flight
 z - a potion of berserk rage
 H - a potion of attraction


   Skills:
 + Level 2.3 Fighting
 * Level 7.2 Short Blades
 - Level 1.7 Dodging
 - Level 1.7 Stealth
 - Level 5.0 Spellcasting
 - Level 6.0 Summonings
 - Level 8.0 Ice Magic
 + Level 2.7 Invocations


You had 10 spell levels left.
You knew the following spells:

 Your Spells              Type           Power      Damage    Failure   Level
a - Freeze                Ice            100%       1d10      1%          1
b - Summon Ice Beast      Ice/Summ       33%        N/A       6%          4
r - Frozen Ramparts       Ice            74%        1d12      1%          3

Your spell library contained the following spells:

 Spells                   Type           Power      Damage    Failure   Level
 Ozocubu's Armour         Ice            37%        N/A       1%          3
 Apportation              Tloc           10%        N/A       12%         1
 Shock                    Conj/Air       20%        1d4       12%         1
 Slow                     Hex            20%        N/A       12%         1
 Confusing Touch          Hex            5%         N/A       34%         3
 Ignite Poison            Fire/Tmut/Pois 5%         N/A       34%         3
 Portal Projectile        Hex/Tloc       10%        N/A       34%         3
 Swiftness                Air            5%         N/A       34%         3
 Tukima's Dance           Hex            5%         N/A       34%         3
 Vampiric Draining        Necr           5%         2d6       34%         3
 Airstrike                Air            2%         2d(1-17)  75%         4
 Sticky Flame             Conj/Fire      5%         2d3       75%         4
 Alistair's Intoxication  Tmut/Pois      3%         N/A       97%         5
 Blade Hands              Tmut           2%         N/A       97%         5
 Ignition                 Fire           2%         3d3       100%        8
 Chain Lightning          Conj/Air       2%         3d3       100%        9
 Fire Storm               Conj/Fire      2%         8d1       100%        9
 Shatter                  Erth           2%         3d6*      100%        9


Dungeon Overview and Level Annotations

Branches:
Dungeon (7/15)             Temple (1/1) D:6          Bailey (1/1)

Altars:
Ashenzari
Cheibriados
Dithmenos
Elyvilon
Fedhas
Gozag
Hepliaklqana
Kikubaaqudgha
Makhleb
Nemelex Xobeh
Okawaru
Qazlal
Ru
Sif Muna
Trog
Uskayaw
Vehumet
Wu Jian
Xom
Yredelemnul
Zin

Shops:
D:3 [

Annotations:
D:2 1 runed translucent door, exclusion: door
D:4 2 transporters
D:6 2 runed translucent doors


Innate Abilities, Weirdness & Mutations

You can breathe bolts of dispelling energy.
Your rich purple scales are hard. (AC +7)
You cannot fit into any form of body armour.
You are cold-blooded and may be slowed by cold attacks.


Message History

You are too injured to fight recklessly!
Casting: Frozen Ramparts (safe; 1% risk of failure)
Confirm with . or Enter, or press ? or * to list all spells.
Casting: Frozen Ramparts (safe; 1% risk of failure)
Press: ? - help, Dir - look around, f - activate The walls around you are covered in ice.
The wall freezes the orc knight.
The orc knight hits you with a +0 war axe!
You hit the orc knight but do no damage.
The orc knight looks as sick as possible!
The orc knight is lightly wounded.
You hit the orc knight but do no damage.
The orc knight looks as sick as possible!
The orc knight is lightly wounded.
The wall freezes the orc knight!
The orc knight barely misses you.
You barely miss the orc knight.
The orc knight is moderately wounded.
You hit the orc knight but do no damage.
The orc knight looks as sick as possible!
Your tail-slap misses the orc knight.
The orc knight is moderately wounded.
The wall freezes the orc knight but does no damage.
The orc knight hits you with a +0 war axe!
* * * LOW HITPOINT WARNING * * *
You hit the orc knight.
The orc knight looks as sick as possible!
The orc knight is heavily wounded.
The wall freezes the orc knight!
The orc knight closely misses you.
You hit the orc knight.
The orc knight looks as sick as possible!
Your tail-slap misses the orc knight.
The orc knight is severely wounded.
You closely miss the orc knight.
The orc knight is severely wounded.
The wall freezes the orc knight.
The orc knight closely misses you.
You closely miss the orc knight.
Your tail-slap misses the orc knight.
The orc knight is severely wounded.
The wall freezes the orc knight but does no damage.
The orc knight hits you with a +0 war axe!
You die...

≈≈≈≈≈≈≈.........≈≈≈≈≈≈≈
≈≈≈≈≈≈≈≈≈≈...≈≈≈≈≈≈≈≈≈≈
≈≈≈≈≈≈≈≈≈≈...≈≈≈≈≈≈≈≈≈≈
≈≈≈≈≈≈≈≈≈≈...≈≈≈≈≈≈≈≈≈≈
≈≈≈≈≈≈≈≈≈≈...≈≈≈≈≈≈≈≈≈≈
######~~~~...~~~~######
#...........#
#####'')#####
+....@o..# +.....)..#
#..⌠..#..# #.....#....
#.....# ..8.# #######
....# #8.# ..#


You could see an orc knight (extremely poisoned).

Vanquished Creatures
  An orc knight (Bailey)
  Grinder (D:5)
  Edmund (D:5)
  An ice beast (D:6)
  A black bear (D:5)
  2 ogres (D:5)
  A phantom (D:4)
  A kobold brigand (D:7)
  3 scorpions
  4 wights (D:7)
  A howler monkey (D:6)
  3 jellies
  2 hounds (D:6)
  3 orc priests
  2 gnoll boudas
  2 sleepcaps (D:5)
  9 iguanas
  4 orc wizards
  Robin (D:2)
  17 gnolls
  11 adders
  A white imp (D:6)
  2 worms
  17 orcs
  4 endoplasms
  7 giant cockroaches
  14 goblins
  9 hobgoblins
  7 jackals
  3 quokkas
  5 ball pythons
  7 bats
  3 frilled lizards (D:1)
  8 kobolds
  9 rats
167 creatures vanquished.

Notes
Turn   | Place    | Note
-------+----------+-------------------------------------------
     0 | D:1      | porpoise the Draconian Ice Elementalist began the quest for
                  | the Orb.
     0 | D:1      | Reached XP level 1. HP: 14/14 MP: 3/3
   187 | D:1      | Reached XP level 2. HP: 20/20 MP: 3/5
   582 | D:1      | Reached XP level 3. HP: 26/26 MP: 7/7
   947 | D:1      | Learned a level 3 spell: Frozen Ramparts
  1109 | D:2      | Noticed Robin
  1259 | D:2      | Found a runed translucent door.
  1432 | D:2      | Found a faded altar of an unknown god.
  1656 | D:2      | Killed Robin
  1657 | D:2      | Reached skill level 1 in Short Blades
  1657 | D:2      | Reached XP level 4. HP: 28/33 MP: 6/8
  1905 | D:3      | Found Niaps's Armour Emporium.
  1905 | D:3      | Noticed an animated pearl dragon scales
  1907 | D:3      | Noticed an animated shadow dragon scales
  1943 | D:3      | Reached skill level 5 in Ice Magic
  2095 | D:3      | Reached XP level 5. HP: 38/38 MP: 10/10
  2978 | D:4      | Reached XP level 6. HP: 45/45 MP: 11/11
  3110 | D:4      | Learned a level 4 spell: Summon Ice Beast
  3260 | D:4      | Reached skill level 1 in Summonings
  3447 | D:4      | Reached skill level 6 in Ice Magic
  3447 | D:4      | Your scales start taking on a rich purple colour.
  3447 | D:4      | Reached skill level 5 in Spellcasting
  3447 | D:4      | Reached XP level 7. HP: 48/50 MP: 10/14
  3478 | D:4      | Found a transporter.
  3478 | D:4      | Found a transporter.
  3680 | D:5      | Entered Level 5 of the Dungeon
  4194 | D:5      | Noticed Edmund
  4223 | D:5      | Killed Edmund
  4224 | D:5      | Reached XP level 8. HP: 46/57 MP: 8/15
  4562 | D:5      | Reached skill level 5 in Short Blades
  4567 | D:5      | Reached skill level 7 in Ice Magic
  4663 | D:5      | Noticed Grinder
  4666 | D:5      | Paralysed by Grinder for 5 turns
  4693 | D:5      | Killed Grinder
  5244 | D:6      | Found a staircase to the Ecumenical Temple.
  5259 | Temple   | Entered the Ecumenical Temple
  5632 | Temple   | Became a worshipper of Sif Muna the Loreminder
  5688 | D:6      | Identified the +9 mace of Bevil {protect, rC++}
  6034 | D:6      | Reached skill level 5 in Summonings
  6076 | D:6      | Found a runed translucent door.
  6078 | D:6      | Found a runed translucent door.
  6310 | D:6      | Identified the +7 flail of the Equator {heavy, SInv}
  6477 | D:6      | Reached skill level 1 in Invocations
  6778 | D:6      | Reached XP level 9. HP: 62/62 MP: 14/16
  6928 | D:6      | Reached skill level 8 in Ice Magic
  7286 | D:7      | Reached skill level 1 in Fighting
  7420 | D:7      | Found a flagged portal.
  7434 | D:7      | Reached * piety under Sif Muna
  7444 | Bailey   | Entered a bailey
  7481 | Bailey   | Noticed an orc knight
  7502 | Bailey   | Killed an orc knight
  7696 | Bailey   | Noticed an orc knight
  7715 | Bailey   | Slain by an orc knight

Illustrated notes

Levels and vault maps discovered:
D:1:      evilmike_arrival_crescent, layout_loops_ring, minmay_tall_x
D:2:      layout_loops_ring, dreamdust_ecumenical_altar_statues, uniq_robin,
          uniq_crazy_yiuf_cottage
D:3:      layout_loops_ring, serial_shops, nicolae_shop_mannequins,
          chequers_serial_rivers_small_a
D:4:      layout_loops_ring, gammafunk_ghost_gnarly_gnolls, serial_rivers,
          chequers_serial_rivers_micro_a, chequers_serial_rivers_micro_c,
          chequers_serial_rivers_micro_e, chequers_serial_rivers_micro_c,
          chequers_serial_rivers_small_3, kennysheep_big_empty_room
D:5:      minmay_general_purpose_star, layout_loops_ring, uniq_edmund,
          uniq_grinder
D:6:      lemuel_insect_pit, layout_gridville, minmay_temple_entry_wispy
D:7:      layout_layer_cave, enter_bailey_4, nicolae_figureground_sparkle
Temple:   roderic_octagonal_lattice_temple
Bailey:   bailey_axe_of_yendor_kennysheep, bailey

Skill      XL: |  1  2  3  4  5  6  7  8  9 |
---------------+----------------------------+-----
Spellcasting   | 3 5 |  5.0
Short Blades   | 1 2 3 4 6 7 |  7.2
Ice Magic      | 5 6 7 8 |  8.0
Summonings     | 1 3 5 6 |  6.0
Invocations    | 1 2 |  2.7
Fighting       | 2 |  2.3
Dodging        | |  1.7
Stealth        | |  1.7

Action                     |  1- 3 |  4- 6 |  7- 9 || total
---------------------------+-------+-------+-------++-------
  Melee: Short sword       |     8 |   119 |   304 ||   431
         Tailslap          |       |    21 |    49 ||    70
         Punch             |       |     4 |     6 ||    10
   Fire: Sling             |    99 |    82 |    78 ||   259
   Cast: Freeze            |    25 |    10 |     2 ||    37
         Frozen Ramparts   |       |     3 |    14 ||    17
         Summon Ice Beast  |       |       |     3 ||     3
  Evoke: Wand              |       |     7 |       ||     7
    Use: Scroll            |     4 |     5 |     5 ||    14
         Potion            |       |       |     4 ||     4
   Stab: Sleeping          |       |       |     3 ||     3
 Armour: Skin              |    18 |    45 |    62 ||   125
  Dodge: Dodged            |    49 |    67 |   123 ||   239
